 Dungeon Crawl Stone Soup version 0.32-a0-702-gc29ba85809 (webtiles) character file.

Game seed: 537350084860613919

2672 UristMcRaven the Thaumaturge (level 9, -4/52 HPs)
             Began as a Deep Elf Conjurer on Mar 14, 2024.
             Killed from afar by an acid dragon (20 damage)
             ... with a splash of acid
             ... on level 8 of the Dungeon.
             The game lasted 00:11:48 (7100 turns).

UristMcRaven the Thaumaturge (Deep Elf Conjurer)    Turns: 7100, Time: 00:11:48

Health: -4/52      AC:  8    Str:  4    XL:     9   Next: 37%
Magic:  1/23       EV: 14    Int: 28    God:
Gold:   323        SH:  0    Dex: 13    Spells: 14/24 levels left

rFire   + . .        (no weapon)
rCold   + . .        (no shield)
rNeg    . . .        L - +0 steam dragon scales
rPois   .            (no helmet)
rElec   .            O - +2 cloak
rCorr   .            (no gloves)
SInv    .            (no boots)
Will    .....        C - amulet of regeneration
Stlth   ++           e - ring of protection from fire
HPRegen 1.08/turn    n - ring of protection from cold
MPRegen 0.18/turn

%: no passive effects
@: no status effects
A: no striking features
a: no special abilities


You were on level 8 of the Dungeon.
You visited 2 branches of the dungeon, and saw 9 of its levels.

You collected 323 gold pieces.

Inventory:

Missiles
 d - 57 stones
 f - 6 atropa-tipped darts
 p - 8 boomerangs
 H - 2 poisoned darts
Armour
 a - a +0 robe
 z - the +0 leather armour of Chimes {Str+3 Stlth+}
   (You found it on level 5 of the Dungeon)

   Str+3:     It affects your strength (+3).
   Stlth+:    It makes you more stealthy.
 L - +0 steam dragon scales (worn)
 O - a +2 cloak (worn)
Jewellery
 e - a ring of protection from fire (left hand)
 n - a ring of protection from cold (right hand)
 s - a +6 ring of strength
 C - an amulet of regeneration (around neck)
 E - a +5 ring of evasion
 G - an amulet of faith {!P}
Wands
 u - a wand of acid (7)
 w - a wand of flame (19)
 y - a wand of paralysis (9)
 A - a wand of iceblast (13)
 I - a wand of mindburst (9)
 J - a wand of digging (6)
Scrolls
 c - a scroll of identify {@r1}
 k - a scroll of fear {unknown}
 m - 2 scrolls of vulnerability {unknown}
 q - 3 scrolls of brand weapon {unknown}
 v - a scroll of silence {unknown}
 x - 2 scrolls of acquirement {unknown}
 D - a scroll of amnesia {unknown}
 F - a scroll of noise {unknown}
 K - a scroll of immolation {unknown}
 M - a scroll of revelation {unknown}
Potions
 b - a potion of magic
 g - 3 potions of enlightenment
 h - a potion of cancellation {unknown}
 i - a potion of attraction {unknown}
 l - 2 potions of curing {unknown}
 o - 4 potions of degeneration
 r - a potion of might {unknown}
 t - a potion of haste {unknown}
 B - a potion of lignification {unknown}
 N - 2 potions of heal wounds {unknown}


   Skills:
 + Level 4.7 Fighting
 + Level 7.5 Dodging
 - Level 4.0 Stealth
 + Level 8.2 Spellcasting
 + Level 7.8 Conjurations
 - Level 3.0 Translocations
 + Level 3.1 Earth Magic


You had 14 spell levels left.
You knew the following spells:

 Your Spells              Type           Power      Damage    Failure   Level
a - Magic Dart            Conj           100%       1d8       1%          1
c - Searing Ray           Conj           100%       2d8       1%          2
d - Iskenderun's Mystic   Conj/Tloc      42%        2d10      4%          4
f - Stone Arrow           Conj/Erth      84%        3d12      1%          3

Your spell library contained the following spells:

 Spells                   Type           Power      Damage    Failure   Level
 Passwall                 Erth           29%        N/A       4%          3
 Cigotuvi's Dreadful Rot  Necr/Alch/Air  22%        N/A       8%          2
 Ensorcelled Hibernation  Hex/Ice        22%        N/A       8%          2
 Volatile Blastmotes      Fire/Tloc      38%        2d13      8%          3
 Fulminant Prism          Conj/Alch      16%        3d10      10%         4
 Fugue of the Fallen      Necr           11%        N/A       14%         3
 Ozocubu's Armour         Ice            11%        N/A       14%         3
 Swiftness                Air            11%        N/A       14%         3
 Tukima's Dance           Hex            11%        N/A       14%         3
 Manifold Assault         Tloc           28%        N/A       14%         4
 Dimensional Bullseye     Hex/Tloc       9%         N/A       26%         4
 Dispel Undead            Necr           11%        3d9       43%         4
 Martyr's Knell           Necr/Summ      11%        N/A       43%         4
 Bombard                  Conj/Erth      21%        9d4       61%         6
 Conjure Ball Lightning   Conj/Air       16%        3x3d6     82%         6
 Lehudib's Crystal Spear  Conj/Erth      21%        10d6      100%        8


Dungeon Overview and Level Annotations

Branches:
Dungeon (8/15)             Temple (1/1) D:4
   Lair: D:8-11

Altars:
Ashenzari
Cheibriados
Dithmenos
Elyvilon
Fedhas
Gozag
Hepliaklqana
Makhleb
Nemelex Xobeh
Okawaru
Qazlal
Ru
Trog
Uskayaw
Xom
Yredelemnul
Zin
The Shining One

Annotations:
D:3 1 runed translucent door
D:6 exclusion: 2 hounds, Grinder
D:7 exclusion: 2 killer bees


Message History

The water moccasin bites you but does no damage.
The howler monkey hoots and howls with incredible vigour!
The iguana hisses menacingly.
Aiming: Corrosive Bolt
Press: ? - help, Shift-Dir - straight line, f - water moccasin
Aim: a water moccasin (heavily wounded, 53% to hit)
The bolt of acid misses the water moccasin.
The water moccasin bites you.
* * * LOW HITPOINT WARNING * * *
The water moccasin bites you but does no damage.
Aiming: Corrosive Bolt
Press: ? - help, Shift-Dir - straight line, f - howler monkey, p - water moccasin
Aim: a howler monkey (catching its breath, 68% to hit)
The bolt of acid hits the water moccasin!
The acid corrodes the water moccasin!
You kill the water moccasin!
The bolt of acid hits the black bear!
The black bear is almost dead.
The bolt of acid hits the iguana!
The acid corrodes the iguana!
The iguana is severely wounded.
The bolt of acid hits the howler monkey!
The acid corrodes the howler monkey!
The howler monkey is severely wounded.
Your Earth Magic skill increases to level 3!
Aiming: Corrosive Bolt
Press: ? - help, Shift-Dir - straight line, f - kobold brigand, p - howler monkey
Aim: a kobold brigand, wielding a +0 short sword and quivering poisoned darts (64% to hit)
The bolt of acid hits the black bear!
The black bear seems to be corroded for longer.
You kill the black bear!
The bolt of acid hits the iguana!
The iguana seems to be corroded for longer.
You kill the iguana!
The bolt of acid misses the howler monkey.
The bolt of acid hits the kobold brigand!
The acid corrodes the kobold brigand!
The kobold brigand is heavily wounded.
The acid dragon spits acid at you. The splash of acid hits you!!
You die...

#...#####)##.######
###.# #....>......
#.# #h##########
#.# #†# #.#
#K####### #.#
#hD.....# #.#
#)#####.# #.# #†#
#######.# #@#
#.......# #.#
#.####### #.. #.#
#### #.# #.# ##.##
##...## ##.###.###


You could see an acid dragon (catching breath), a kobold brigand (corroded) and
2 howler monkeys.

Vanquished Creatures
  A gargoyle (D:8)
  A basilisk (D:8)
  A steam dragon (D:7)
  Menkaure (D:4)
  A water moccasin (D:8)
  Duvessa (D:6)
  3 black bears (D:8)
  2 ogres
  2 centaurs (D:8)
  4 scorpions
  Dowan (D:6)
  3 killer bees (D:7)
  A howler monkey (D:8)
  2 bombardier beetles (D:5)
  A human zombie (D:3)
  3 orc priests
  3 hounds (D:6)
  Crazy Yiuf (D:7)
  2 hell rats (D:8)
  Ijyb (D:3)
  5 iguanas
  2 sleepcaps
  5 orc wizards (D:7)
  3 gnolls (D:3)
  9 adders
  A white imp (D:7)
  3 dart slugs
  10 orcs
  3 endoplasms
  4 giant cockroaches
  5 hobgoblins
  3 jackals (D:2)
  5 kobolds
  4 quokkas
  4 ball pythons
  4 bats
  3 frilled lizards
  4 goblins
  A jackal skeleton (D:3)
  A jackal zombie (D:3)
  3 rats
117 creatures vanquished.

Notes
Turn   | Place    | Note
-------+----------+-------------------------------------------
     0 | D:1      | UristMcRaven the Deep Elf Conjurer began the quest for the
                  | Orb.
     0 | D:1      | Reached XP level 1. HP: 10/10 MP: 6/6
   139 | D:1      | You fall into a shaft and drop 1 floor!
   168 | D:2      | Reached XP level 2. HP: 15/15 MP: 1/8
   239 | D:2      | Learned a level 2 spell: Searing Ray
   795 | D:2      | Reached XP level 3. HP: 20/20 MP: 2/9
  1289 | D:3      | Reached skill level 1 in Fighting
  1370 | D:3      | Found a snail-covered altar of Cheibriados.
  1370 | D:3      | Found a stormy altar of Qazlal.
  1399 | D:3      | Found a glowing silver altar of Zin.
  1399 | D:3      | Noticed an angel
  1678 | D:3      | Reached XP level 4. HP: 25/25 MP: 9/11
  1683 | D:3      | Learned a level 4 spell: Iskenderun's Mystic Blast
  2120 | D:3      | Found a runed translucent door.
  2120 | D:3      | Noticed a human
  2120 | D:3      | Noticed Ijyb
  2127 | D:3      | Killed Ijyb
  2128 | D:3      | Reached skill level 4 in Spellcasting
  2128 | D:3      | Reached skill level 5 in Conjurations
  2148 | D:3      | Reached XP level 5. HP: 26/29 MP: 0/13
  2262 | D:3      | Found a basalt altar of Yredelemnul.
  2610 | D:4      | Found a staircase to the Ecumenical Temple.
  2621 | Temple   | Entered the Ecumenical Temple
  2736 | D:4      | Noticed Menkaure
  2795 | D:4      | Noticed an ogre
  2807 | D:4      | Killed an ogre
  2808 | D:4      | Reached skill level 1 in Translocations
  2808 | D:4      | Reached XP level 6. HP: 35/35 MP: 8/15
  2970 | D:4      | Found a glowing golden altar of the Shining One.
  3074 | D:4      | Killed Menkaure
  3075 | D:4      | Reached skill level 5 in Spellcasting
  3409 | D:4      | Found an iron altar of Okawaru.
  3645 | D:5      | Entered Level 5 of the Dungeon
  3647 | D:5      | Identified the +0 leather armour of Chimes {Str+3 Stlth+}
  3724 | D:5      | Reached XP level 7. HP: 40/40 MP: 9/16
  3830 | D:5      | Found a blossoming altar of Fedhas.
  3915 | D:5      | Found a shimmering altar of Xom.
  4215 | D:5      | Found a broken altar of Ashenzari.
  4236 | D:5      | Found a shadowy altar of Dithmenos.
  4236 | D:5      | Noticed a shadow
  4240 | D:5      | Found a hazy altar of Hepliaklqana.
  4539 | D:6      | Reached skill level 5 in Dodging
  4786 | D:6      | Reached skill level 6 in Spellcasting
  4875 | D:6      | Got the Tome of Bolts
  4965 | D:6      | Noticed Duvessa
  4965 | D:6      | Noticed Dowan
  4981 | D:6      | Killed Duvessa
  4981 | D:6      | Killed Dowan
  4982 | D:6      | Reached XP level 8. HP: 26/46 MP: 10/19
  5045 | D:6      | Noticed Grinder
  6135 | D:7      | Reached skill level 7 in Spellcasting
  6148 | D:7      | Learned a level 3 spell: Stone Arrow
  6346 | D:7      | Found a runed translucent door.
  6347 | D:7      | Noticed Crazy Yiuf
  6671 | D:7      | Found a white marble altar of Elyvilon.
  6760 | D:7      | Killed Crazy Yiuf
  6845 | D:8      | Reached skill level 1 in Earth Magic
  6979 | D:8      | Noticed a gargoyle
  6991 | D:8      | Killed a gargoyle
  6992 | D:8      | Reached XP level 9. HP: 44/52 MP: 13/22
  7094 | D:8      | Reached skill level 8 in Spellcasting
  7100 | D:8      | Killed from afar by an acid dragon

Illustrated notes

Levels and vault maps discovered:
D:1:      minmay_arrival_up_and_down, layout_loops_ring,
          nicolae_concentric_dashed_squares_wild
D:2:      layout_loops_ring
D:3:      layout_loops_ring, zin_angel, dk_yredelemnul_ordeal,
          amethyst_overflow_temple_binary, chequers_serial_rivers_small_b,
          uniq_ijyb
D:4:      layout_basic, tso_metal_star, marbit_many_paths,
          minmay_temple_entry_overgrown, uniq_menkaure
D:5:      layout_loops_cross, riverfiend_overflow_shadow_ancestor,
          lemuel_crystal_altar, lemuel_round_altar, old_standard_altar
D:6:      layout_gridville, nicolae_tricolors, uniq_grinder, uniq_duvessa
D:7:      layout_basic, kennysheep_mini_moat, uniq_crazy_yiuf_cottage
D:8:      layout_loops_ring, dpeg_lair_monsters
Temple:   nicolae_temple_bog_church

Skill      XL: |  1  2  3  4  5  6  7  8  9 |
---------------+----------------------------+-----
Stealth        | 3 4 |  4.0
Dodging        | 3 4 5 6 7 |  7.5
Fighting       | 1 2 3 4 |  4.7
Spellcasting   | 4 5 6 7 8 |  8.2
Conjurations   | 5 6 7 |  7.8
Translocations | 1 2 3 |  3.0
Earth Magic    | 1 3 |  3.1

Action                     |  1- 3 |  4- 6 |  7- 9 || total
---------------------------+-------+-------+-------++-------
   Cast: Magic Dart        |    55 |    32 |    31 ||   118
         Searing Ray       |    10 |    20 |    41 ||    71
         Stone Arrow       |       |       |     7 ||     7
         Iskenderun's Myst |       |       |     5 ||     5
  Evoke: Wand              |       |       |     5 ||     5
    Use: Scroll            |       |       |     4 ||     4
 Armour: Robe              |    33 |     9 |    29 ||    71
         Steam dragon scal |       |       |    41 ||    41
  Dodge: Dodged            |    35 |     6 |    40 ||    81

Table legend: (Time is in decaauts)
 A = Elapsed time spent in this place.
 B = Non-inter-level travel time spent in this place.
 C = Inter-level travel time spent in this place.
 D = Time resting spent in this place.
 E = Time spent auto-exploring this place.
 F = Levels seen in this place.
 G = Mean time per level.
                   A        B        C        D        E       F      G
               +--------+--------+--------+--------+--------+-----+--------+
         Total |   7101 |   6977 |    124 |     23 |   6010 |   9 |  789.0 |
       Dungeon |   7099 |   6975 |    124 |     23 |   6010 |   8 |  887.4 |
        Temple |      1 |      1 |      0 |      0 |      0 |   1 |    1.0 |
               +--------+--------+--------+--------+--------+-----+--------+

Top non-repeatable levels by time:
     D:3: 1441 daAuts
     D:7: 1228 daAuts
     D:6: 1069 daAuts
     D:4: 1068 daAuts
     D:2: 996 daAuts
     D:5: 875 daAuts
     D:8: 280 daAuts
     D:1: 138 daAuts
  Temple: 1 daAuts
